 Dungeon Crawl Stone Soup version 0.31-a0-188-g5e087ee2ca (webtiles) character file.

Game seed: 13416456584850803035

119 qw the Skirmisher (level 4, 0/25 HPs)
             Began as a Deep Elf Hunter on June 22, 2023.
             Slain by a hobgoblin (2 damage)
             ... on level 3 of the Dungeon.
             The game lasted 00:00:41 (1801 turns).

qw the Skirmisher (Deep Elf Hunter)                 Turns: 1801, Time: 00:00:42

Health: 0/25       AC:  8    Str: 10    XL:     4   Next: 73%
Magic:  6/6        EV: 11    Int: 14    God:
Gold:   96         SH:  0    Dex: 18    Spells: 3/3 levels left

rFire   . . .        Y - +1 shortbow
rCold   . . .        (shield currently unavailable)
rNeg    . . .        b - +3 ring mail
rPois   .            (no helmet)
rElec   .            (no cloak)
rCorr   .            (no gloves)
SInv    .            (no boots)
Will    .....        (no amulet)
Stlth   +            (no ring)
HPRegen 0.24/turn    (no ring)
MPRegen 0.10/turn

%: no passive effects
@: no status effects
A: no striking features
a: no special abilities


You were on level 3 of the Dungeon.
You visited 1 branch of the dungeon, and saw 3 of its levels.

You collected 96 gold pieces.


   Skills:
 - Level 1.5 Fighting
 + Level 8.1 Ranged Weapons
 - Level 2.4 Dodging
 - Level 1.2 Stealth


You had 3 spell levels left.
You didn't know any spells.
Your spell library was empty.

Inventory:

Hand Weapons
 Y - a +1 shortbow (weapon)
Armour
 b - a +3 ring mail (worn)
Scrolls
 a - 4 scrolls of identify
 c - a scroll of brand weapon {unknown}
Potions
 d - 3 potions of might {unknown}
 h - 2 potions of curing {unknown}
 i - 2 potions of brilliance {unknown}

Dungeon Overview and Level Annotations

Branches:
Dungeon (3/15)

Altars:

Annotations:
D:3 2 transporters


Message History

You shoot an arrow. The arrow hits the goblin!
You kill the goblin!
The hobgoblin no longer looks unusually strong.
The goblin hits you but does no damage. The goblin barely misses you.
The hobgoblin hits you. The goblin hits you but does no damage.
The goblin barely misses you.
You shoot an arrow. The arrow hits the goblin!
You kill the goblin!
The bat hits you but does no damage. The goblin hits you but does no damage.
The hobgoblin completely misses you. The goblin hits you but does no damage.
The goblin closely misses you. x2
You shoot an arrow. The arrow barely misses the goblin.
The goblin no longer looks unusually strong.
The goblin hits you but does no damage. The bat hits you but does no damage.
The goblin hits you with a +0 dagger.
The hobgoblin hits you but does no damage.
The goblin hits you but does no damage.
You shoot an arrow. The arrow hits the bat.
You kill the bat!
Your surroundings suddenly seem different.
A worm and a hobgoblin come into view.
Enter note:
Enter note:
Enter note:
Enter note:
Enter note:
Enter note: You shoot an arrow.
The arrow hits the worm.
The worm is moderately wounded.
The hobgoblin shouts!
You shoot an arrow. The arrow hits the worm.
The worm is heavily wounded.
You shoot an arrow. The arrow completely misses the worm.
You shoot an arrow. The arrow hits the worm.
The worm is severely wounded.
The hobgoblin closely misses you.
You shoot an arrow. The arrow hits the worm!
You kill the worm!
The hobgoblin hits you.
You die...

?........
...#
.......##
...#
.........
...#
.........
...#
.........
...#
.........
##...###
.........
##......#
.........
#.@.....#
.........
##.g....#
.........
#......#
.........
#......#
.........
#......#
#########
#........
#
########.
# ## #.


You could see a hobgoblin.

Vanquished Creatures
  Terence (D:2)
  Robin (D:3)
  3 adders
  2 worms (D:3)
  A dart slug (D:1)
  5 ball pythons
  2 endoplasms
  3 giant cockroaches
  6 goblins
  10 hobgoblins
  A quokka (D:3)
  7 bats
  2 frilled lizards (D:1)
  6 kobolds
  3 rats
53 creatures vanquished.

Notes
Turn   | Place    | Note
-------+----------+-------------------------------------------
     0 | D:1      | qw the Deep Elf Hunter began the quest for the Orb.
     0 | D:1      | Reached XP level 1. HP: 12/12 MP: 3/3
     0 | D:1      | 0 ||| qw: Version: 0.3-a-9-g12657ce
     0 | D:1      | 0 ||| qw: Game counter: 2885
     0 | D:1      | 0 ||| qw: Always use a shield: true
     0 | D:1      | 0 ||| qw: God list: Okawaru
     0 | D:1      | 0 ||| qw: Allow faded altars: false
     0 | D:1      | 0 ||| qw: Do Orc after D:15 true
     0 | D:1      | 0 ||| qw: Do second Lair branch before Depths: true
     0 | D:1      | 0 ||| qw: Lair rune preference: random
     0 | D:1      | 0 ||| qw: Plans: Normal
     0 | D:1      | 0 ||| PLANNING D:1-11
    87 | D:1      | Reached XP level 2. HP: 16/16 MP: 4/4
    96 | D:1      | Reached skill level 6 in Ranged Weapons
   312 | D:1      | 312 ||| UPGRADING to +0 ring mail.
   326 | D:1      | 326 ||| DROPPING +0 leather armour.
   336 | D:1      | 336 ||| READING 2 scrolls labelled MAMMYO PIAH.
   337 | D:1      | 337 ||| READING scroll labelled BENEYDENUV.
   338 | D:1      | 338 ||| READING scroll labelled EQETACU TAOL.
   629 | D:1      | 629 ||| DROPPING scroll of butterflies.
   768 | D:2      | Reached XP level 3. HP: 20/20 MP: 5/5
   884 | D:2      | Noticed Terence
   901 | D:2      | Killed Terence
   902 | D:2      | Reached skill level 7 in Ranged Weapons
  1131 | D:2      | Reached XP level 4. HP: 25/25 MP: 6/6
  1394 | D:2      | 1394 ||| UPGRADING to +3 ring mail.
  1404 | D:2      | 1404 ||| DROPPING +0 ring mail.
  1405 | D:2      | 1405 ||| READING scroll labelled GOUFOM TAROMI.
  1406 | D:2      | 1406 ||| READING scroll labelled ALUNTE IBUIGOE.
  1540 | D:3      | Noticed a small abomination
  1544 | D:3      | Found a transporter.
  1544 | D:3      | Noticed a small abomination
  1550 | D:3      | Found a transporter.
  1553 | D:3      | Noticed a small abomination
  1776 | D:3      | Noticed Robin
  1788 | D:3      | Reached skill level 8 in Ranged Weapons
  1789 | D:3      | Killed Robin
  1791 | D:3      | HP: 6/25 [goblin/+0 dagger[Robin] (2)]
  1792 | D:3      | 1792 ||| READING scroll of teleportation.
  1793 | D:3      | HP: 1/25 [hobgoblin[Robin] (2)]
  1801 | D:3      | Slain by a hobgoblin

Levels and vault maps discovered:
D:1:      dpeg_arrival_arbitrary_c, layout_basic, hangedman_glass_teeth
D:2:      minmay_door_path, layout_loops_ring, uniq_terence
D:3:      layout_basic, gammafunk_temple_overflow_pools,
          gammafunk_ghost_abyssal_escape, kennysheep_generic_room_6, uniq_robin

Skill      XL: |  1  2  3  4 |
---------------+-------------+-----
Ranged Weapons | 6 7 8 |  8.1
Fighting       | |  1.5
Dodging        | |  2.4
Stealth        | |  1.2

Action                     |  1- 3 |  4- 6 || total
---------------------------+-------+-------++-------
  Melee: Unarmed           |     8 |       ||     8
   Fire: Shortbow          |    78 |    71 ||   149
    Use: Scroll            |     3 |     3 ||     6
 Armour: Ring mail         |     7 |    50 ||    57
  Dodge: Dodged            |    19 |    56 ||    75

Table legend:
 A = Non-vault XP
 B = Vault XP
 C = Vault XP percentage of total XP
 D = Non-vault monster count
 E = Vault monster count
 F = Vault count percentage of total count
                 A         B        C        D         E       F
            +---------+---------+-------+---------+---------+-------
      Total |     102 |      73 |  41.7 |      38 |      15 |  28.3
            +---------+---------+-------+---------+---------+-------
        D:1 |      34 |       0 |   0.0 |      22 |       0 |   0.0
        D:2 |      40 |      40 |  50.0 |      10 |       4 |  28.6
        D:3 |      28 |      33 |  54.1 |       6 |      11 |  64.7
            +---------+---------+-------+---------+---------+-------
